 Dungeon Crawl Stone Soup version 0.18-a0-1683-gf9322e6 (webtiles) character file.

44558 HeWhoDoesNotSavescum the Blocker (level 13, -11/106 HPs)
             Began as a Mummy Monk on Apr 3, 2016.
             Killed from afar by a lindwurm (16 damage)
             ... with a blast of flame
             ... on level 7 of the Lair of Beasts.
             The game lasted 01:29:22 (43996 turns).

HeWhoDoesNotSavescum the Blocker (Mummy Monk)      Turns: 43996, Time: 01:29:23

Health: -11/106    AC: 11    Str: 14    XL:     13   Next: 96%
Magic:  13/13      EV: 23    Int: 10    God:
Gold:   412        SH: 12    Dex: 19    Spells: 0 memorised, 12 levels left

rFire  . . .     SeeInvis .       - Unarmed
rCold  + . .     Gourm    .     (no armour)
rNeg   + + +     Faith    .     n - +0 shield
rPois  ∞         Spirit   .     x - +2 helmet
rElec  .         Dismiss  .     i - +2 cloak
rCorr  .         Reflect  .     t - +1 pair of gloves
SustAt .         Harm     .     m - +2 pair of boots
MR     +....                    (no amulet)
Stlth  ++........               l - ring of protection from fire {Ward against Fire}
                                h - +3 ring of evasion

@: somewhat resistant to hostile enchantments, unstealthy
A: no food or potions, fire vulnerability, cold resistance 1, negative energy
resistance 3, torment resistance, unbreathing, in touch with death 1, restore
body
a: Self-Restoration


You were on level 7 of the Lair of Beasts.
You were not hungry.

You visited 2 branches of the dungeon, and saw 18 of its levels.

You collected 761 gold pieces.
You spent 349 gold pieces at shops.


Innate Abilities, Weirdness & Mutations

You do not eat or drink.
Your flesh is vulnerable to fire.
You are immune to poison.
Your flesh is cold resistant.
You are immune to negative energy.
You are immune to unholy pain and torment.
You can survive without breathing.
You are in touch with the powers of death.
You can restore your body by infusing magical energy.


   Skills:
 - Level 11.0 Fighting
 - Level 10.0 Dodging
 - Level 1.5 Stealth
 - Level 12.0 Shields
 + Level 11.2 Unarmed Combat


You had 12 spell levels left.
You didn't know any spells.

Inventory:

Armour
 i - a +2 cloak (worn)
 m - a +2 pair of boots (worn)
 n - a +0 shield (worn)
 t - a +1 pair of gloves (worn)
 u - the +5 ring mail of the Other World {rElec MR+ MP+9, unknown}

   It insulates you from electricity.
   It affects your resistance to hostile enchantments.
   It affects your magic capacity (+9).
 x - a +2 helmet (worn)
Jewellery
 h - a +3 ring of evasion (left hand)
 k - a +5 ring of dexterity
 l - a ring of protection from fire (right hand) {Ward against Fire}
Scrolls
 a - 3 scrolls of fog
 b - 2 scrolls of enchant weapon
 c - 3 scrolls of magic mapping
 d - a scroll of random uselessness
 e - 4 scrolls of fear
 f - a scroll of summoning {unknown}
 g - a scroll of noise {unknown}
 j - 6 scrolls of remove curse
 o - 2 scrolls of immolation {!r}
 p - a scroll of teleportation {@r4}
 q - 7 scrolls of amnesia (quivered)
 r - 4 scrolls of identify {@r1}
 s - 3 scrolls of vulnerability {!r}
 v - a scroll of recharging {unknown}
 w - a scroll of silence {unknown}

Dungeon Overview and Level Annotations

Branches:
Dungeon (11/15)            Temple (0/1) D:6            Lair (7/8) D:10
  Swamp (0/4) Lair:6        Snake (0/4) Lair:3        Slime (0/6) Lair:6
    Orc: D:9-12

Altars:
Ashenzari
Cheibriados
Dithmenos
Fedhas
Okawaru
Pakellas
Qazlal
Ru
Sif Muna
Yredelemnul
The Shining One
Jiyva

Shops:
D:5 }   D:6 }?!*%   D:7 [

Annotations:
D:2 exclusion: downstairs
D:4 exclusion: door
D:8 !Maurice stealing shit, Maurice
D:9 !Two guardian serpents and a hill giant, exclusions: door, 2 guardian serpents and 26 more exclusions
D:10 !Invisible horror, lair entrance, exclusions: hill giant and upstairs
Lair:2 !Amico catoblepa
Lair:3 exclusion: downstairs
Lair:6 exclusions: downstairs and 16 more exclusions
Lair:7 1 runed door

▒▒▒ ▒▒▒▒ ▒▒▒ ▒▒▒P▒▒▒▒..▒
▒▒ ▒▒▒ ...▒▒...▒...ff▒
f▒▒P▒.▒
...........#.f▒▒▒..P....
.........≈.##.ff........
........▒≈###...f▒▒▒....
.........####.....P.....
.......M..▒....†........
......PlP.▒.▒▒▒▒........
▒......P▒▒▒▒▒ ▒▒.......
▒...▒▒▒▒▒ ▒..▒.†.. ▒▒▒▒
▒▒.▒.... ▒▒..... ▒▒....
▒▒▒▒..... +▒▒....P..P


You could see a lindwurm.


Message History

The lindwurm is moderately wounded!
The lindwurm completely misses you! You block the lindwurm's attack! x2
You barely miss the lindwurm!
The lindwurm is moderately wounded!
You block the lindwurm's attack! x2; The lindwurm completely misses you!
You squash the lindwurm like an ant!
The lindwurm is moderately wounded!
You beat the lindwurm into a bloody pulp!
The lindwurm is moderately wounded!
You block the lindwurm's attack! The lindwurm misses you! x2
You barely miss the lindwurm!
The lindwurm is moderately wounded!
The lindwurm breathes flames at you!
The blast of flame hits you!!! * * * don't die
* * * You pummel the lindwurm but do no damage!
The lindwurm is moderately wounded!
The lindwurm bites you!!! * * * don't die
* * * The lindwurm claws you but does no damage!
The lindwurm completely misses you!
You pulverise the lindwurm!!!
The lindwurm is heavily wounded!
The lindwurm closely misses you! The lindwurm completely misses you!
You block the lindwurm's attack!
You pulverise the lindwurm but do no damage!
The lindwurm is heavily wounded!
The lindwurm breathes flames at you! The blast of flame hits you!!! rip

Action                   |  1- 3 |  4- 6 |  7- 9 | 10-12 | 13-15 || total
-------------------------+-------+-------+-------+-------+-------++-------
Melee: Unarmed           |   137 |   365 |   827 |  2044 |   929 ||  4302
  Use: Scroll            |       |       |    11 |    11 |     1 ||    23
 Stab: Sleeping          |     3 |     6 |     4 |     9 |     2 ||    24
       Distracted        |       |     1 |     2 |     8 |     3 ||    14

Vault maps used:
D:1:      tarquinn_simple_flora_water_b
D:2:      wad_woods_pond
D:3:      grunt_qazlal_sundering, tso_altar, nicolae_ru_sacrificial_ziggurat,
          first_bread, uniq_purgy
D:4:      minmay_goblin_kobold_castle, lemuel_doored_altar, led_sif_book,
          lightli_minifort
D:5:      johnstein_pakellas_shop
D:6:      ashenzari_conservatory_becter, serial_shops, shop, shop, shop, shop,
          nicolae_shop_waterfront, kennysheep_flooded_box, uniq_menkaure
D:7:      gammafunk_temple_overflow_claw, serial_shops, nicolae_shop_stone
D:8:      basic_altar
D:9:      nrook_guardian_serpent_snake_passage, okawaru_gym_becter,
          hangedman_pestilent_swarm, interstate_on_off, uniq_maurice
D:10:     erik_lair_dragon
D:11:     minmay_goldmine, basic_loot_grate_trap, nemelex_altar_shiori,
          uniq_harold
Lair:1:   serial_bayou_shore_b, infiniplex_staircase_pool
Lair:2:   st_stairs_9, lemuel_centaur_altar, infiniplex_staircase_pool_2
Lair:3:   guppyfry_snake_entry_garden, st_stairs_4
Lair:4:   bh_autumn_forest_stairs
Lair:5:   serial_bayou_shore_b
Lair:6:   gammafunk_lair_bear_cave, minmay_swamp_entry_worms,
          dpeg_slime_entry_enclosed_altar
Lair:7:   basic_altar, minivault_24, zaba_anthole, pf_torpor_hydra

Notes
Turn   | Place    | Note
--------------------------------------------------------------
     0 | D:1      | HeWhoDoesNotSavescum the Mummy Monk began the quest for the Orb.
     0 | D:1      | Reached XP level 1. HP: 18/18 MP: 1/1
    63 | D:1      | Reached XP level 2. HP: 3/24 MP: 2/2
   828 | D:1      | Reached skill level 4 in Unarmed Combat
  1076 | D:1      | HP: 1/24 [giant newt (3)]
  1375 | D:1      | Reached XP level 3. HP: 13/29 MP: 3/3
  2148 | D:2      | Reached XP level 4. HP: 11/35 MP: 4/4
  3442 | D:3      | Found a sacrificial altar of Ru.
  3486 | D:3      | Noticed Purgy
  3824 | D:3      | Found a stormy altar of Qazlal.
  3853 | D:3      | Reached skill level 5 in Unarmed Combat
  4459 | D:3      | Reached XP level 5. HP: 41/41 MP: 5/5
  4702 | D:3      | Found a glowing golden altar of the Shining One.
  5284 | D:5      | Entered Level 5 of the Dungeon
  5288 | D:5      | Reached skill level 4 in Fighting
  5310 | D:5      | Noticed a phantom
  5408 | D:4      | Found a snail-covered altar of Cheibriados.
  5845 | D:4      | Reached skill level 3 in Dodging
  5845 | D:4      | Reached XP level 6. HP: 33/48 MP: 6/6
  6236 | D:4      | Reached skill level 4 in Dodging
  6459 | D:4      | Found a deep blue altar of Sif Muna.
  6787 | D:4      | Reached XP level 7. HP: 45/54 MP: 7/7
  7128 | D:3      | Reached skill level 5 in Fighting
  9455 | D:4      | Reached skill level 6 in Unarmed Combat
 10323 | D:4      | Reached XP level 8. HP: 48/62 MP: 8/8
 10940 | D:5      | Reached skill level 7 in Unarmed Combat
 11110 | D:5      | Found an oddly glowing altar of Pakellas.
 11110 | D:5      | Found Pakellas's Prime Provisions.
 11282 | D:4      | Reached skill level 8 in Unarmed Combat
 11863 | D:5      | Found an oddly glowing altar of Pakellas.
 11863 | D:5      | Found Pakellas's Prime Provisions.
 11921 | D:5      | Reached skill level 6 in Fighting
 12112 | D:6      | Found Pial's Gadget Shop.
 12432 | D:6      | Found Ucyqyvad's Magic Scroll Boutique.
 12663 | D:6      | Found Luedej's General Store.
 12665 | D:6      | Reached skill level 5 in Dodging
 12678 | D:6      | Reached XP level 9. HP: 55/71 MP: 9/9
 12802 | D:6      | Bought a scroll of magic mapping for 42 gold pieces
 12802 | D:6      | Bought a scroll of teleportation for 36 gold pieces
 12802 | D:6      | Bought a scroll of magic mapping for 42 gold pieces
 12812 | D:6      | Bought a +0 pair of boots for 54 gold pieces
 13020 | D:6      | Found Amiutyts's Distillery.
 13136 | D:6      | Found a staircase to the Ecumenical Temple.
 13141 | D:6      | Found a shattered altar of Ashenzari.
 13149 | D:6      | Noticed Menkaure
 13194 | D:5      | Reached skill level 6 in Dodging
 13214 | D:6      | Killed Menkaure
 13568 | D:6      | Reached skill level 7 in Fighting
 13635 | D:6      | Found Goraepro's Food Shoppe.
 14157 | D:6      | Found a shattered altar of Ashenzari.
 14486 | D:7      | Found Uneid's Armour Shop.
 14494 | D:7      | Bought a +1 pair of boots for 126 gold pieces
 14494 | D:7      | Bought a +0 shield for 49 gold pieces
 14692 | D:7      | Reached skill level 8 in Fighting
 14708 | D:7      | Found a blossoming altar of Fedhas.
 14709 | D:7      | Found a basalt altar of Yredelemnul.
 14710 | D:7      | Found a shadowy altar of Dithmenos.
 14726 | D:7      | Reached skill level 1 in Shields
 14928 | D:7      | Reached skill level 2 in Shields
 15030 | D:7      | Reached skill level 3 in Shields
 15609 | D:8      | Reached skill level 4 in Shields
 16050 | D:7      | Reached XP level 10. HP: 78/80 MP: 10/10
 16638 | D:8      | Found an oddly glowing altar of Pakellas.
 16747 | D:8      | Reached skill level 5 in Shields
 17418 | D:9      | Noticed Maurice
 17601 | D:9      | Reached skill level 6 in Shields
 18113 | D:9      | Noticed a guardian serpent
 18114 | D:9      | What the FUCK is a guardian serpent doing in D9
 18683 | D:9      | Noticed a guardian serpent
 18739 | D:9      | Found an iron altar of Okawaru.
 19158 | D:10     | Entered Level 10 of the Dungeon
 19192 | D:10     | Noticed a hill giant
 19314 | D:9      | Reached skill level 9 in Unarmed Combat
 19611 | D:9      | Reached skill level 7 in Shields
 20779 | D:10     | Hill giants were a mistake
 21415 | D:10     | Reached skill level 8 in Shields
 22099 | D:9      | Reached XP level 11. HP: 72/86 MP: 11/11
 22960 | D:3      | Killed Purgy
 23520 | D:11     | Noticed a hill giant
 23665 | D:10     | Reached skill level 9 in Fighting
 24002 | D:10     | Noticed a hill giant
 25137 | D:10     | Found a staircase to the Lair.
 26880 | D:10     | Noticed a hill giant
 27684 | Lair:1   | Entered Level 1 of the Lair of Beasts
 27840 | Lair:1   | Reached skill level 10 in Unarmed Combat
 28986 | Lair:1   | Reached skill level 9 in Shields
 30225 | Lair:2   | Got a dazzling ring mail
 30279 | Lair:2   | Noticed Ratboiler's ghost (novice DrWn)
 30326 | Lair:2   | Killed Ratboiler's ghost
 30326 | Lair:2   | Reached skill level 10 in Shields
 30932 | Lair:2   | Found an oddly glowing altar of Pakellas.
 31064 | Lair:2   | Reached XP level 12. HP: 94/95 MP: 12/12
 31465 | Lair:3   | Noticed a catoblepas
 32228 | Lair:3   | Noticed an eight-headed hydra
 32434 | Lair:2   | Reached skill level 10 in Fighting
 33090 | Lair:3   | Found a staircase to the Snake Pit.
 33715 | Lair:3   | Reached skill level 7 in Dodging
 34370 | Lair:3   | Noticed a seven-headed hydra
 34994 | Lair:4   | Reached skill level 8 in Dodging
 35760 | Lair:4   | Reached skill level 9 in Dodging
 37067 | Lair:5   | Reached skill level 10 in Dodging
 37427 | Lair:5   | Gained mutation: You are in touch with the powers of death. [Mummy growth]
 37427 | Lair:5   | Gained mutation: You can restore your body by infusing magical energy. [Mummy growth]
 37427 | Lair:5   | Reached XP level 13. HP: 93/103 MP: 13/13
 38091 | Lair:5   | Reached skill level 11 in Unarmed Combat
 39656 | Lair:5   | Reached skill level 11 in Fighting
 41416 | Lair:6   | Reached skill level 11 in Shields
 41930 | Lair:6   | Found a viscous altar of Jiyva.
 41930 | Lair:6   | Found a staircase to the Slime Pits.
 42349 | Lair:6   | Found a staircase to the Swamp.
 43161 | Lair:6   | Reached skill level 12 in Shields
 43861 | Lair:7   | Found a runed door.
 43994 | Lair:7   | HP: 5/106 [lindwurm (9)]
 43996 | Lair:7   | Killed from afar by a lindwurm

Vanquished Creatures
  An alligator (Lair:6)
  The ghost of Ratboiler the Spear-Bearer, a novice DrWn of Ashenzari (Lair:2)
  8 death yaks
  A griffon (Lair:3)
  14 elephants
  6 black mambas
  18 spiny frogs
  3 rime drakes
  8 komodo dragons
  2 two-headed ogres
  A polar bear (Lair:6)
  A giant leech (Lair:6)
  13 blink frogs
  3 wyverns
  32 yaks
  A steam dragon (D:10)
  4 hippogriffs
  Menkaure (D:6)
  A swamp worm (Lair:6)
  A soldier ant (D:9)
  3 nagas (Lair:3)
  13 water moccasins
  10 porcupines
  Purgy (D:3)
  3 ice beasts
  6 orc warriors
  3 phantoms
  8 sky beasts
  5 black bears
  An eye of draining (D:10)
  A wasp (D:9)
  2 necrophages
  3 ogres
  17 wolves
  12 centaurs
  10 crocodiles
  2 big kobolds (D:4)
  A gnoll sergeant (D:4)
  15 giant frogs
  3 scorpions
  11 killer bees
  3 wights (D:7)
  2 electric eels
  7 howler monkeys (D:8)
  5 crimson imps
  A giant frog zombie (D:6)
  2 quasits
  4 jellies
  2 giant frog skeletons
  5 hounds
  A centaur skeleton (D:9)
  A gnoll shaman (D:6)
  7 orc priests
  14 iguanas
  16 orc wizards
  10 worker ants
  A killer bee zombie (D:7)
  A hound zombie (D:5)
  2 hound skeletons
  A worker ant zombie (D:5)
  21 gnolls
  A howler monkey skeleton (D:5)
  21 adders
  57 river rats
  2 shadow imps
  4 oozes
  2 adder skeletons
  2 worms (D:3)
  3 dart slugs
  4 giant geckos
  36 orcs
  7 bats
  4 giant cockroaches
  10 goblins
  10 hobgoblins
  13 jackals
  49 kobolds
  6 quokkas
  2 ball pythons
  A ball python skeleton (D:5)
  6 giant newts
  11 rats
607 creatures vanquished.

Vanquished Creatures (others)
  27 fungi
  12 plants
39 creatures vanquished.

Grand Total: 646 creatures vanquished
